 Dungeon Crawl Stone Soup version 0.31-a0-636-ge1c0e020e0 (webtiles) character file.

Game seed: 6177298243906160996

2163 Conn the Magician (level 9, -3/53 HPs)
             Began as an Octopode Fire Elementalist on Aug 26, 2023.
             Was a Follower of Sif Muna.
             Slain by a +0 hand axe of chaos (5 damage)
             ... on level 6 of the Dungeon.
             The game lasted 00:16:38 (8042 turns).

Conn the Magician (Octopode Fire Elementalist)      Turns: 8042, Time: 00:16:39

Health: -3/53      AC:  2    Str: 13    XL:     9   Next: 32%
Magic:  0/20       EV: 18    Int: 34    God:    Sif Muna [*.....]
Gold:   197        SH:  0    Dex: 12    Spells: 4/23 levels left

rFire   . . .        a - staff of conjuration
rCold   . . .        (no shield)
rNeg    . . .        p - +1 hat
rPois   .            e - amulet of guardian spirit
rElec   .            i - +6 ring of intelligence
rCorr   .            l - +6 ring of intelligence
SInv    .            n - +6 ring of strength
Will    .....        r - +5 ring of evasion
Stlth   ++++         (no ring)
HPRegen 0.28/turn    (no ring)
MPRegen 0.17/turn    (no ring)
                     (no ring)

%: guardian spirit
@: very slightly contaminated
A: almost no armour, amphibious, 8 rings, camouflage 1, gelatinous body 1,
(nimble swimmer 1), tentacles
a: Renounce Religion, Channel Magic


You were on level 6 of the Dungeon.
You worshipped Sif Muna.
Sif Muna was aware of your devotion.
You visited 2 branches of the dungeon, and saw 7 of its levels.
You also visited: Sewer.

You collected 317 gold pieces.
You spent 120 gold pieces at shops.

Inventory:

Hand Weapons
 b - the +12 bardiche of the Lurker {flame, rN+ Int+2}
   (You found it on level 5 of the Dungeon)

   Int+2:     It affects your intelligence (+2).
   rN+:       It protects you from negative energy.
 c - a +0 heavy short sword
 j - a +1 dagger of venom
Armour
 p - a +1 hat (worn)
Magical Staves
 a - a staff of conjuration (weapon)
Jewellery
 e - an amulet of guardian spirit (around mantle)
 i - a +6 ring of intelligence (left tentacle)
 l - a +6 ring of intelligence (right tentacle)
 n - a +6 ring of strength (on tentacle)
 r - a +5 ring of evasion (on tentacle)
Wands
 f - a wand of flame (7)
 w - a wand of roots (10)
Scrolls
 k - 2 scrolls of revelation
 q - 2 scrolls of teleportation
 s - a scroll of blinking
Potions
 d - a potion of cancellation
 g - a potion of attraction
 h - 2 potions of curing
 m - a potion of haste
 o - a potion of heal wounds {unknown}
 t - a potion of might
 u - a potion of mutation {unknown}
 v - a potion of berserk rage {unknown}
 x - a potion of enlightenment


   Skills:
 + Level 1.3 Fighting
 + Level 1.3 Short Blades
 + Level 0.5 Staves
 + Level 3.1 Dodging
 + Level 4.6 Stealth
 * Level 7.5 Spellcasting
 * Level 4.2 Conjurations
 + Level 0.9 Hexes
 * Level 0.3 Summonings
 * Level 1.9 Translocations
 + Level 6.6 Fire Magic
 * Level 0.1 Ice Magic


You had 4 spell levels left.
You knew the following spells:

 Your Spells              Type           Power      Damage    Failure   Level
a - Foxfire               Conj/Fire      100%       2x1d9     1%          1
b - Scorch                Fire           100%       2d9       1%          2
c - Inner Flame           Hex/Fire       38%        N/A       2%          3
d - Flame Wave            Conj/Fire      65%        2d15      3%          4
e - Blink                 Tloc           52%        N/A       2%          2
f - Hailstorm             Conj/Ice       41%        3d10      4%          3
g - Summon Ice Beast      Ice/Summ       14%        N/A       30%         4

Your spell library contained the following spells:

 Spells                   Type           Power      Damage    Failure   Level
 Apportation              Tloc           52%        N/A       1%          1
 Volatile Blastmotes      Fire/Tloc      84%        2d17      1%          3
 Ignite Poison            Fire/Tmut/Pois 27%        N/A       4%          3
 Cigotuvi's Dreadful Rot  Necr/Pois/Air  24%        N/A       5%          2
 Manifold Assault         Tloc           26%        N/A       16%         4
 Freezing Cloud           Conj/Ice/Air   17%        6-21      45%         5
 Metabolic Englaciation   Hex/Ice        8%         N/A       58%         5
 Alistair's Intoxication  Tmut/Pois      8%         N/A       67%         5
 Simulacrum               Ice/Necr       6%         N/A       99%         6


Dungeon Overview and Level Annotations

Branches:
Dungeon (6/15)             Temple (1/1) D:5           Sewer (visited)

Altars:
Ashenzari
Cheibriados
Dithmenos
Elyvilon
Fedhas
Gozag
Hepliaklqana
Kikubaaqudgha
Makhleb
Nemelex Xobeh
Okawaru
Qazlal
Sif Muna
Trog
Uskayaw
Vehumet
Wu Jian
Xom
Zin
The Shining One

Shops:
D:4 :

Annotations:
D:3 1 runed translucent door, whodunnit's ghost, amateur OpSh
D:6 Opifex's ghost, novice DjEE


Innate Abilities, Weirdness & Mutations

You cannot wear most types of armour.
You are amphibious.
You can wear up to eight rings at the same time.
Your skin changes colour to match your surroundings (Stealth+).
Your rubbery body absorbs attacks. (AC +1, EV +1)
((You are camouflaged when in or above water. (Stealth+)))
You have tentacles for arms and can constrict up to eight enemies at once.


Message History

Press: ? - help, Shift-Dir - straight line, f/p - +0 hand axe of chaos
Aim: a +0 hand axe of chaos The roots erupt in riotous growth!
Roots grab the +0 hand axe of chaos.
The grasping roots constrict the +0 hand axe of chaos.
The +0 hand axe of chaos struggles to escape constriction.
Unknown command.
Unknown command.
Casting: Blink (safe; 2% risk of failure)
Confirm with . or Enter, or press ? or * to list all spells.
Okay, then.
Unknown command.
Okay, then.
Unknown command.
Unknown command.
Okay, then.
Unknown command.
Unknown command.
The grasping roots constrict the +0 hand axe of chaos.
The roots release their grip on the +0 hand axe of chaos.
Okay, then.
Casting: Blink (safe; 2% risk of failure)
Confirm with . or Enter, or press ? or * to list all spells.
You miscast Summon Ice Beast.
You are caught in an explosion of ice and frost!
You feel stable enough to blink again.
Casting: Summon Ice Beast (quite dangerous; 30% risk of failure)
Confirm with . or Enter, or press ? or * to list all spells.
You miscast Summon Ice Beast.
Heat is drained from your body! The +0 hand axe of chaos hits you!
Aiming: Fastroot
Press: ? - help, Shift-Dir - straight line, f/p - +0 hand axe of chaos
Aim: a +0 hand axe of chaos (lightly damaged)
The roots erupt in riotous growth!
Roots grab the +0 hand axe of chaos.
The grasping roots constrict the +0 hand axe of chaos.
The +0 hand axe of chaos hits you! x2
* * * LOW HITPOINT WARNING * * *
The +0 hand axe of chaos burns you.
You die...

##...##
#.##.#.#
##.###.. ##+#
#.##.#.# #.#
### #......#
#.# ####.###
#.# #### #.#
####.#####
...# #.#
#.........
....
########.#
#.##.#....
...#
#.....##.#
#.##.#....
...##
#####.....@..#
#.##......
.....
.........(####
#.####....
...#
####.....#
#.####....
...# #.Wr..#
#.........
...## #.#####
##########
..... ####.#
############
####.###..#.#
#........##.
##.#..r.#
#.######.##.
#####.Wbr..##
#.# ####.##.


You could see a +0 hand axe of chaos (rooted), Opifex's ghost and a river rat
(summoned).

Vanquished Creatures
  Menkaure (Temple)
  Pargi (Sewer)
  A black bear (D:6)
  2 ice beasts
  A centaur (D:6)
  An ogre (D:6)
  5 phantoms
  4 scorpions
  A water moccasin skeleton (D:5)
  A centaur zombie (D:5)
  2 bullfrog zombies (D:5)
  6 hounds
  A jelly (D:5)
  2 bullfrog skeletons (D:5)
  A gnoll bouda (D:6)
  2 iguanas
  A scorpion zombie (D:5)
  4 hound zombies (D:5)
  3 howler monkey zombies (D:5)
  11 gnolls
  9 adders
  2 shadow imps (D:5)
  2 ufetubi
  An adder skeleton (D:5)
  2 worms
  2 dart slugs (D:1)
  An orc (D:6)
  3 bats
  13 endoplasms
  7 giant cockroaches
  11 goblins
  14 hobgoblins
  4 jackals (D:3)
  6 quokkas
  10 ball pythons
  4 frilled lizards
  7 kobolds
  3 rats
152 creatures vanquished.

Vanquished Creatures (collateral kills)
  2 foxfires (D:1)
2 creatures vanquished.

Vanquished Creatures (others)
  294 foxfires
294 creatures vanquished.

Grand Total: 448 creatures vanquished

Notes
Turn   | Place    | Note
-------+----------+-------------------------------------------
     0 | D:1      | Conn the Octopode Fire Elementalist began the quest for the
                  | Orb.
     0 | D:1      | Reached XP level 1. HP: 11/11 MP: 3/3
   115 | D:1      | Reached XP level 2. HP: 11/17 MP: 1/5
   503 | D:1      | Reached XP level 3. HP: 21/21 MP: 2/6
   724 | D:1      | Learned a level 2 spell: Scorch
   728 | D:1      | Learned a level 3 spell: Inner Flame
  1813 | D:2      | Reached XP level 4. HP: 27/27 MP: 5/7
  2222 | D:3      | Found a runed translucent door.
  2789 | D:3      | Noticed whodunnit's ghost (amateur OpSh)
  3241 | D:4      | Noticed a phantom
  3250 | D:4      | Killed a phantom
  3251 | D:4      | Reached skill level 3 in Spellcasting
  3251 | D:4      | Reached XP level 5. HP: 20/32 MP: 0/9
  3594 | D:4      | Reached skill level 1 in Short Blades
  3594 | D:4      | Reached XP level 6. HP: 10/37 MP: 4/11
  3739 | D:5      | Entered Level 5 of the Dungeon
  4159 | D:5      | Found a staircase to the Ecumenical Temple.
  4160 | D:5      | Noticed Menkaure
  4169 | Temple   | Entered the Ecumenical Temple
  4173 | Temple   | Killed Menkaure
  4174 | Temple   | Reached skill level 4 in Spellcasting
  4174 | Temple   | Reached XP level 7. HP: 9/42 MP: 0/13
  4339 | Temple   | Became a worshipper of Sif Muna the Loreminder
  4451 | D:5      | Reached skill level 1 in Fighting
  4603 | D:5      | Reached skill level 5 in Spellcasting
  4819 | D:5      | Reached skill level 5 in Fire Magic
  4924 | D:5      | Reached XP level 8. HP: 42/48 MP: 6/16
  5160 | D:5      | Reached skill level 6 in Spellcasting
  5314 | D:5      | Identified the +12 bardiche of the Lurker {flame, rN+
                  | Int+2}
  6095 | D:4      | Learned a level 4 spell: Flame Wave
  6098 | D:4      | Learned a level 2 spell: Blink
  6217 | D:4      | Reached * piety under Sif Muna
  6400 | D:4      | Found Etuasou's Tiny Tomes.
  6407 | D:4      | Bought the Anthology of Fascination for 120 gold pieces
  6861 | D:6      | Reached skill level 1 in Translocations
  6865 | D:6      | Reached skill level 7 in Spellcasting
  6865 | D:6      | Reached XP level 9. HP: 38/53 MP: 1/19
  7154 | D:6      | Found a glowing drain.
  7166 | Sewer    | Entered a sewer
  7296 | Sewer    | Noticed Pargi
  7305 | Sewer    | Killed Pargi
  7708 | D:6      | Learned a level 3 spell: Hailstorm
  7713 | D:6      | Learned a level 4 spell: Summon Ice Beast
  8023 | D:6      | Found a runed translucent door.
  8023 | D:6      | Found a shimmering altar of Xom.
  8023 | D:6      | Noticed a +0 hand axe of chaos
  8023 | D:6      | Noticed Opifex's ghost (novice DjEE)
  8042 | D:6      | HP: 2/53 [+0 hand axe of chaos (14)]
  8042 | D:6      | Slain by a +0 hand axe of chaos

Illustrated notes

Levels and vault maps discovered:
D:1:      dpeg_arrival_pits, layout_basic, dk_noncrumbling_4,
          serial_bayou_lagoon_b
D:2:      layout_loops_cross
D:3:      layout_basic, gammafunk_ghost_grave, minmay_crystal_room
D:4:      layout_loops_ring, nicolae_shop_i_like_small_books_too
D:5:      minmay_recursive_quarters, layout_basic,
          minmay_temple_entry_junction_2, serial_undead, serial_undead_e,
          serial_undead_f, serial_undead_b, serial_undead_d, serial_undead_d,
          serial_undead_e, uniq_menkaure
D:6:      layout_loops_corners, portal_sewer_entry_d, ebering_ghost_xom
Temple:   mainiacjoe_temple_cubbyholes

Skill      XL: |  1  2  3  4  5  6  7  8  9 |
---------------+----------------------------+-----
Fire Magic     | 4 5 6 |  6.6
Stealth        | 3 4 |  4.6
Spellcasting   | 3 4 5 7 |  7.5
Conjurations   | 2 3 4 |  4.2
Short Blades   | 1 |  1.3
Fighting       | 1 |  1.3
Translocations | 1 |  1.9
Dodging        | 3 |  3.1
Staves         | |  0.5
Hexes          | |  0.9
Summonings     | |  0.3
Ice Magic      | |  0.1

Action                     |  1- 3 |  4- 6 |  7- 9 || total
---------------------------+-------+-------+-------++-------
  Melee: Unarmed           |    14 |       |       ||    14
         Constrict         |     8 |    13 |     7 ||    28
         Tentacles         |     3 |     7 |     7 ||    17
         Short sword       |     5 |    49 |       ||    54
         Staff             |       |     4 |    31 ||    35
         Punch             |       |     1 |       ||     1
   Cast: Foxfire           |    83 |    28 |    62 ||   173
         Scorch            |       |    15 |    73 ||    88
         Inner Flame       |       |     4 |       ||     4
         Flame Wave        |       |       |     3 ||     3
         Blink             |       |       |     1 ||     1
         Summon Ice Beast  |       |       |     1 ||     1
  Evoke: Wand              |       |       |     3 ||     3
    Use: Potion            |     1 |     2 |     2 ||     5
         Scroll            |       |     8 |     5 ||    13
   Stab: Sleeping          |     1 |     9 |     3 ||    13
 Armour: Skin              |     3 |     8 |     4 ||    15
  Dodge: Dodged            |    13 |    63 |    49 ||   125

Table legend: (Time is in decaauts)
 A = Elapsed time spent in this place.
 B = Non-inter-level travel time spent in this place.
 C = Inter-level travel time spent in this place.
 D = Time resting spent in this place.
 E = Time spent auto-exploring this place.
 F = Levels seen in this place.
 G = Mean time per level.
                   A        B        C        D        E       F      G
               +--------+--------+--------+--------+--------+-----+--------+
         Total |   8052 |   7826 |    226 |    627 |   5632 |   8 | 1006.5 |
       Dungeon |   7591 |   7402 |    189 |    507 |   5461 |   6 | 1265.2 |
        Temple |    214 |    177 |     37 |    120 |      0 |   1 |  214.0 |
         Sewer |    246 |    246 |      0 |      0 |    171 |   1 |  246.0 |
               +--------+--------+--------+--------+--------+-----+--------+

Top non-repeatable levels by time:
     D:5: 2099 daAuts
     D:4: 1208 daAuts
     D:3: 1186 daAuts
     D:1: 1167 daAuts
     D:6: 1077 daAuts
     D:2: 851 daAuts
   Sewer: 246 daAuts
  Temple: 214 daAuts
